 Seeded DCSS version 0.29.1-2-gbd0b4ee654 (webtiles) character file.

Game seed: 1738030888014195264 (custom seed)

24 kingsuperguy the Chopper (level 2, -1/27 HPs)
             Began as a Minotaur Berserker on Nov 30, 2022.
             Was a Follower of Trog.
             Killed from afar by a dart slug (6 damage)
             ... with a slug dart
             ... on level 1 of the Dungeon.
             The game lasted 00:01:34 (912 turns).

kingsuperguy the Chopper (Minotaur Berserker)        Turns: 912, Time: 00:01:34

Health: -1/27      AC:  2    Str: 21    XL:     2   Next: 79%
Magic:  1/1        EV: 12    Int:  4    God:    Trog [*.....]
Gold:   19         SH:  0    Dex:  9    Spells: 1/1 levels left

rFire   . . .      SeeInvis .   a - +0 hand axe
rCold   . . .      Faith    .   (no shield)
rNeg    . . .      Spirit   .   b - +0 animal skin
rPois   .          Reflect  .   (helmet restricted)
rElec   .          Harm     .   (no cloak)
rCorr   .          Rampage  .   (no gloves)
Will    .....                   (no boots)
Stlth   +.........              (no amulet)
HPRegen 0.09/turn               (no ring)
MPRegen 0.07/turn               (no ring)

@: no status effects
A: horns 2, retaliatory headbutt
a: Renounce Religion, Berserk


You were on level 1 of the Dungeon.
You worshipped Trog.
Trog was aware of your devotion.
You visited 1 branch of the dungeon, and saw 1 of its levels.

You collected 19 gold pieces.

Inventory:

Hand Weapons
 a - a +0 hand axe (weapon)
Armour
 b - a +0 animal skin (worn)
Scrolls
 f - 4 scrolls of identify {unknown}
 i - a scroll of blinking {unknown}
 l - a scroll of fear {unknown}
Potions
 c - a potion of brilliance {unknown}
 d - a potion of curing {unknown}
 e - 2 potions of magic {unknown}
 g - a potion of heal wounds {unknown}
 h - a potion of degeneration {unknown}
 j - a potion of lignification {unknown}
 k - a potion of might {unknown}


   Skills:
 + Level 4.0 Fighting
 + Level 4.1 Axes
 + Level 2.7 Armour
 + Level 2.7 Dodging


You had one spell level left.
You didn't know any spells.
Your spell library was empty.

Dungeon Overview and Level Annotations

Branches:
Dungeon (1/15)

Altars:

Shops:
D:1 (


Innate Abilities, Weirdness & Mutations

You have a pair of horns on your head.
You reflexively headbutt those who attack you in melee.


Message History

The slug dart hits you. The dart slug launches a dart at you.
The slug dart misses you. The dart slug launches a dart at you.
The slug dart misses you. The dart slug launches a dart at you.
The slug dart misses you. The dart slug launches a dart at you.
The slug dart misses you. The dart slug launches a dart at you.
The slug dart hits you.
There is a stone staircase leading down here.
The dart slug launches a dart at you. The slug dart hits you.
The dart slug launches a dart at you. The slug dart hits you.
You see here a +2 vampiric hand axe.
You see here a +2 vampiric hand axe.
The dart slug launches a dart at you.
The slug dart hits you but does no damage.
The dart slug launches a dart at you. The slug dart hits you.
The dart slug launches a dart at you. The slug dart hits you.
The dart slug launches a dart at you. The slug dart hits you.
* * * LOW HITPOINT WARNING * * *
a - a +0 hand axe (weapon)
The dart slug launches a dart at you. The slug dart hits you.
* * * LOW HITPOINT WARNING * * *
You slash the dart slug!
The dart slug is severely wounded.
The dart slug bites you.
* * * LOW HITPOINT WARNING * * *
You hit the dart slug.
The dart slug is almost dead.
The dart slug launches a dart at you. The slug dart hits you.
You die...

#.## #####..........#..#.#
## #..#####
##...#######....# ##.w...#
##...####......#
#####.#####.#..##..####.#
#.[##...##....### #.#
##...÷.######†...###.#
#......# #..##...#.##
#..####.#####.#####....###
#.# #.w@.##.# ##...... #.
####....# ###.### # #.
#.#....# #.### # #
#.####..# #..# # #.# ...
##.## # ####### #.####...
# ###.....###.......# .
###.........###...... .#
#####........†...........


You could see a dart slug.

Vanquished Creatures
  A dart slug (D:1)
  4 bats (D:1)
  2 endoplasms (D:1)
  2 giant cockroaches (D:1)
  A hobgoblin (D:1)
  3 kobolds (D:1)
  4 ball pythons (D:1)
  A goblin (D:1)
  3 rats (D:1)
21 creatures vanquished.

Notes
Turn   | Place    | Note
-------+----------+-------------------------------------------
     0 | D:1      | kingsuperguy the Minotaur Berserker began the quest for the
                  | Orb.
     0 | D:1      | Reached XP level 1. HP: 19/19 MP: 0/0
    50 | D:1      | Found a faded altar of an unknown god.
    72 | D:1      | Reached XP level 2. HP: 27/27 MP: 1/1
   410 | D:1      | Found Ismoeso's Weapon Emporium.
   912 | D:1      | Killed from afar by a dart slug

Illustrated notes

Levels and vault maps discovered:
D:1:      evilmike_arrival_crescent, layout_rooms,
          hellmonk_ecumenical_altar_zigzags, serial_shops, nicolae_shop_trees,
          grunt_decor_resistance

Skill      XL: |  1  2 |
---------------+-------+-----
Axes           | 4 |  4.1
Fighting       | 4 |  4.0
Armour         | |  2.7
Dodging        | |  2.7

Action                   || total
-------------------------++-------
Melee: Hand axe          ||    30
       Headbutt          ||     3
Armor: Animal skin       ||    13
Dodge: Dodged            ||    53
